[Event "*** SCC Grand Prix: Titled Tuesday Blitz"]
[Site "Chess.com"]
[Date "2020.07.14"]
[Round "5"]
[White "artichaud"]
[Black "anon569"]
[Result "1-0"]
[WhiteElo "2058"]
[BlackElo "2282"]
[TimeControl "180+1"]
[EndTime "10:55:34 PDT"]
[Termination "artichaud won on time"]

1. e4 c5 2. Nf3 d6 3. d4 cxd4 4. Nxd4 Nf6 5. Nc3 a6 6. Be3 e6 7. f3 Nbd7 8. Qd2 b5 9. g4 Nb6 10. Bd3 Bb7 11. g5 Nfd7 12. h4 Ne5 13. Qg2 Nbc4 14. Bc1 Qa5 15. Nb3 Qb6 16. f4 Nc6 17.
a4 Rc8 18. axb5 axb5 19. h5 Be7 20. g6 hxg6 21. hxg6 1-0

[Event "*** SCC Grand Prix: Titled Tuesday Blitz"]
[Site "Chess.com"]
[Date "2020.07.14"]
[Round "5"]
[White "guillejr"]
[Black "orrbaverlekszarnyon"]
[Result "0-1"]
[WhiteElo "1962"]
[BlackElo "2153"]
[TimeControl "180+1"]
[EndTime "10:55:34 PDT"]
[Termination "orrbaverlekszarnyon won by checkmate"]

1. e4 c5 2. Nf3 d6 3. d4 cxd4 4. Nxd4 Nf6 5. Nc3 g6 6. g3 Bg7 7. Bg2 O-O 8. O-O Nc6 9. Nde2 a6 10. a4 Rb8 11. h3 b5 12. axb5 axb5 13. Nd5 Nxd5 14.
exd5 Ne5 15. Kh2 b4 16. Nd4 Qb6 17. Ra2 h5 18. b3 h4 19. Be3 hxg3+ 20. fxg3 Qb7 21.
Qd2 Bd7 22. Bg5 f6 23. Bf4 Rfc8 24. Bxe5 dxe5 25. Nc6 Rxc6 26. dxc6 Bxc6 27. Bxc6 Qxc6 28.
Rd1 Kh7 29. Qd5 Qb6 30. Qf3 Rc8 31. Rd2 Bh6 32. Re2 Rc3 33. Qf2 Qc6 34. Qg2 Qc5 35. Qf2 Be3 36. Qg2 Kg7 37. Qf1 f5 38. Qd1 f4 39. Kg2 Qc6+ 40. Kh2 Qf3 41. Re1 Qxg3+ 42.
Kh1 Qxh3# 0-1

[Event "*** SCC Grand Prix: Titled Tuesday Blitz"]
[Site "Chess.com"]
[Date "2020.07.14"]
[Round "5"]
[White "crescentmoon2411"]
[Black "SamuelGhimpu2003"]
[Result "1-0"]
[WhiteElo "2854"]
[BlackElo "2601"]
[TimeControl "180+1"]
[EndTime "10:55:35 PDT"]
[Termination "crescentmoon2411 won by resignation"]

1. c4 Nf6 2. Nc3 e6 3. e4 d5 4. e5 d4 5. exf6 dxc3 6. bxc3 Qxf6 7. Bd3 Nc6 8. Be4 e5 9. Nf3 Bd6 10. O-O O-O 11. Re1 Rd8 12. Qc2 h6 13. h3 Rb8 14.
d4 exd4 15. cxd4 Nxd4 16. Nxd4 Qxd4 17. Bb2 Qc5 18. Bd5 Bf8 19. Re5 Qd6 20. c5 Qf6 21.
Rae1 c6 22. Bb3 Bd7 23. Rh5 Qf4 24. Be5 Qb4 25. Re4 Qa5 26. Rxh6 Bf5 27. Rh8+ Kxh8 28. Rh4+ Kg8 29. Qxf5 Qe1+ 30. Kh2 Rd6 1-0

[Event "*** SCC Grand Prix: Titled Tuesday Blitz"]
[Site "Chess.com"]
[Date "2020.07.14"]
[Round "5"]
[White "eightbyeightchess"]
[Black "Kildepiotr"]
[Result "0-1"]
[WhiteElo "2406"]
[BlackElo "2594"]
[TimeControl "180+1"]
[EndTime "10:55:35 PDT"]
[Termination "Kildepiotr won on time"]

1. e4 g6 2. d4 Bg7 3. Nc3 c6 4. Be3 d5 5. Qd2 dxe4 6. Nxe4 Nf6 7. Nxf6+ Bxf6 8. Nf3 Be6 9. Bg5 Nd7 10. h3 Qb6 11. c3 O-O-O 12. a4 c5 13. d5 Ne5 14. Nxe5 Bxe5 15. Bc4 f6 16. Be3 Bxd5 17. Bxd5 e6 18.
Bxe6+ Qxe6 19. Qe2 Qc6 20. O-O Rd7 21. b4 Bxc3 22.
b5 Qe4 23. Rac1 Bd4 24. a5 Kb8 25. Qc4 Rc8 26. Rfe1 f5 27. b6 Bxe3 0-1

[Event "*** SCC Grand Prix: Titled Tuesday Blitz"]
[Site "Chess.com"]
[Date "2020.07.14"]
[Round "5"]
[White "Tolya2"]
[Black "blitzking1729"]
[Result "0-1"]
[WhiteElo "2393"]
[BlackElo "2575"]
[TimeControl "180+1"]
[EndTime "10:55:35 PDT"]
[Termination "blitzking1729 won by resignation"]

1. Nf3 d5 2. d4 c5 3. c4 e6 4. e3 Nf6 5. a3 a6 6. dxc5 Bxc5 7.
b4 Be7 8. Bb2 O-O 9. Nbd2 Nc6 10.
Be2 dxc4 11. Nxc4 b5 12. Nce5 Bb7 13. O-O Rc8 14. Qxd8 Rfxd8 15. Rac1 Nxe5 16. Bxe5 Ne4 17. Bc7 Rd7 18. Be5 Rdd8 19. Bc7 Re8 20. Be5 Bd5 21. Bb2 Bf6 22. Bxf6 gxf6 23. Nd4 Nd6 24. Bf3 Bxf3 25.
gxf3 Nc4 26. Rc3 Kg7 27. Rfc1 f5 28. a4 Rb8 29. axb5 axb5 30. Nxb5 Ne5 31. Nd4 Rxb4 32. Kg2 f4 33. Rb3 Rxb3 34. Nxb3 fxe3 35. fxe3 Rb8 36. Rc3 Ra8 37. f4 Ra2+ 38. Kg3 Nd7 39. Nd4 Nf6 40. Rc7 Kg6 41. Nc6 Ne4+ 42. Kf3 f5 43. Ne5+ Kh6 44. Nf7+ Kh5 0-1

[Event "*** SCC Grand Prix: Titled Tuesday Blitz"]
[Site "Chess.com"]
[Date "2020.07.14"]
[Round "5"]
[White "vova-79"]
[Black "Roza_Idrisova"]
[Result "1-0"]
[WhiteElo "2470"]
[BlackElo "2248"]
[TimeControl "180+1"]
[EndTime "10:55:35 PDT"]
[Termination "vova-79 won by resignation"]

1. d4 d5 2. c4 c6 3. Nc3 Nf6 4. e3 a6 5. Qc2 g6 6. Bd3 Bg7 7.
Nf3 O-O 8. b3 b5 9. O-O Nbd7 10.
Bb2 Bb7 11. Rad1 Rc8 12. e4 b4 13. e5 bxc3 14. exf6 Bxf6 15. Bxc3 dxc4 16. bxc4 Qc7 17. Rfe1 c5 18. d5 Rfe8 19. Re3 Bxc3 20. Qxc3 Qd6 21. Bc2 Nf8 22. Rde1 e6 23. Ba4 Red8 24. dxe6 Nxe6 25. Ne5 Nd4 26. h4 Nf5 27. Rd1 Qf6 28. Rxd8+ Rxd8 29. Nd7 Qxc3 30. Rxc3 Nxh4 31. Nxc5 Bc8 32. g3 Nf5 33. Ne4 Kg7 34. c5 Nd4 35. Kg2 Bd7 36. c6 Bf5 37.
c7 Rf8 38. Nd6 Bc8 39. Nxc8 Rxc8 40. Bd7 Nb5 41. Bxc8 Nxc3 42. Bxa6 1-0

[Event "*** SCC Grand Prix: Titled Tuesday Blitz"]
[Site "Chess.com"]
[Date "2020.07.14"]
[Round "5"]
[White "Parhamov"]
[Black "fighter2jz"]
[Result "1-0"]
[WhiteElo "3021"]
[BlackElo "2814"]
[TimeControl "180+1"]
[EndTime "10:55:37 PDT"]
[Termination "Parhamov won on time"]

1. e4 c5 2. Nf3 d6 3. d4 cxd4 4. Nxd4 Nf6 5. Nc3 a6 6. h3 e5 7. Nde2 h5 8. g3 Be6 9. Bg2 Nbd7 10. a4 Rc8 11. O-O Be7 12. Be3 Nb6 13. b3 d5 14.
Bxb6 Qxb6 15. Nxd5 Nxd5 16. exd5 Bd7 17. a5 Qd6 18. c4 h4 19. g4 f5 20. gxf5 Bxf5 21. Nc3 O-O 22. Kh1 e4 23. Bxe4 Qe5 24. Qd3 Bb4 25.
Bxf5 Rxf5 26. Ne4 Rcf8 27. f3 Bd6 28. Ra2 Bb8 29. Rg2 Rf4 30. d6 1-0

[Event "*** SCC Grand Prix: Titled Tuesday Blitz"]
[Site "Chess.com"]
[Date "2020.07.14"]
[Round "5"]
[White "ikhasu"]
[Black "QuintilianoR"]
[Result "0-1"]
[WhiteElo "2419"]
[BlackElo "2642"]
[TimeControl "180+1"]
[EndTime "10:55:37 PDT"]
[Termination "QuintilianoR won on time"]

1. e4 c5 2. Nf3 d6 3. d4 cxd4 4. Qxd4 Nc6 5. Bb5 Bd7 6. Bxc6 Bxc6 7. c4 Nf6 8. Nc3 g6 9. O-O Bg7 10. h3 O-O 11. Qd3 a6 12. Nd4 Bd7 13. b3 Rc8 14.
Bb2 Qa5 15. Rad1 Rfe8 16. Rfe1 h5 17. a3 Qc5 18. Nd5 Nxd5 19. exd5 b5 20. Ne6 Bxe6 21. Bxg7 bxc4 22. bxc4 Qxc4 23. Qxc4 Rxc4 24. Ba1 Bd7 25. Rb1 Bb5 26. Rb3 f6 27. Rbe3 Kf7 28. g3 Rc5 29.
Rd1 Bc4 30. Rc3 Rxd5 31. Rdc1 Bb5 32. Rc7 Rd3 33. Bb2 h4 34. Re1 hxg3 35. fxg3 Rxg3+ 36. Kh2 Rb3 0-1

[Event "*** SCC Grand Prix: Titled Tuesday Blitz"]
[Site "Chess.com"]
[Date "2020.07.14"]
[Round "5"]
[White "GHANDEEVAM2003"]
[Black "Shubinkirill2003"]
[Result "1-0"]
[WhiteElo "3017"]
[BlackElo "2641"]
[TimeControl "180+1"]
[EndTime "10:55:40 PDT"]
[Termination "GHANDEEVAM2003 won by resignation"]

1. d4 e6 2. c4 Nf6 3. Nf3 b6 4. g3 Bb7 5. Bg2 Be7 6. O-O O-O 7. Nc3 Ne4 8. Qc2 Nxc3 9. Qxc3 c5 10.
Rd1 Bf6 11. b3 Nc6 12. Be3 Rc8 13. Qd2 d6 14. Rac1 Qe7 15. h4 h6 16. a3 a5 17. d5 exd5 18. cxd5 Ne5 19. Nh2 Rfe8 20.
Qc2 b5 21. Bd2 c4 22. b4 axb4 23. Bxb4 Nd7 24. Re1 Nc5 25. Rcd1 Na6 26. Ba5 Nc5 27. Ng4 h5 28. Nxf6+ Qxf6 29. Bc3 Qg6 30. e4 Nd3 31. Re3 f5 32. exf5 Qxf5 33. Qe2 Rxe3 34. Qxe3 Bxd5 35. Qd4 1-0

[Event "*** SCC Grand Prix: Titled Tuesday Blitz"]
[Site "Chess.com"]
[Date "2020.07.14"]
[Round "5"]
[White "Korchmar_Vasiliy"]
[Black "SHIVACalypso"]
[Result "0-1"]
[WhiteElo "2662"]
[BlackElo "2444"]
[TimeControl "180+1"]
[EndTime "10:55:40 PDT"]
[Termination "SHIVACalypso won on time"]

1. d4 e6 2. c4 Nf6 3. Nc3 Bb4 4. Bg5 c5 5. e3 h6 6. Bh4 cxd4 7. exd4 d5 8. Nf3 O-O 9. cxd5 exd5 10. Be2 Nc6 11.
O-O Re8 12. Bxf6 gxf6 13. h3 Bf5 14. Bd3 Be4 15. Re1 f5 16. a3 Ba5 17. Bf1 Qf6 18.
Rc1 Kh8 19. b4 Bb6 20. Na4 Rg8 21. Nc5 Rg7 22. Nd7 Qg6 23. Nde5 Nxe5 24. Nxe5 Qe6 25.
f3 Qxe5 26. fxe4 fxe4 27. Kh1 Bxd4 0-1

[Event "*** SCC Grand Prix: Titled Tuesday Blitz"]
[Site "Chess.com"]
[Date "2020.07.14"]
[Round "5"]
[White "Ave_Mariia"]
[Black "Andrei_Belozerov"]
[Result "0-1"]
[WhiteElo "2380"]
[BlackElo "2564"]
[TimeControl "180+1"]
[EndTime "10:55:40 PDT"]
[Termination "Andrei_Belozerov won on time"]

1. d4 d5 2. c4 c6 3. Nf3 Nf6 4. e3 Bg4 5. b3 e6 6. Nbd2 Nbd7 7. Bd3 Bd6 8. Bb2 Qe7 9. h3 Bf5 10. Bxf5 exf5 11. O-O O-O 12. a4 a5 13. Qc2 g6 14.
Nh2 Rfe8 15. Rae1 Nf8 16. f3 Qc7 17. f4 Bb4 18. Nhf3 Ne4 19. Nxe4 fxe4 20. Nd2 Qe7 21. f5 Qg5 22. Bc3 Bd6 23. Rf2 gxf5 24. Nf1 Ng6 25. Qd2 f4 26. exf4 Bxf4 27. Qe2 e3 28. Rf3 Nh4 29.
Rxf4 Qxf4 0-1

[Event "*** SCC Grand Prix: Titled Tuesday Blitz"]
[Site "Chess.com"]
[Date "2020.07.14"]
[Round "5"]
[White "Bacyanide"]
[Black "floplover"]
[Result "0-1"]
[WhiteElo "2456"]
[BlackElo "2266"]
[TimeControl "180+1"]
[EndTime "10:55:40 PDT"]
[Termination "floplover won by checkmate"]

1. d4 d5 2. Nf3 e6 3. Bf4 Nf6 4. Nbd2 Bd6 5. Bg5 h6 6. Bxf6 Qxf6 7. e4 dxe4 8. Nxe4 Qe7 9. Bd3 Nd7 10. Qe2 Nf6 11. O-O-O Nxe4 12. Bxe4 O-O 13. Kb1 c5 14. dxc5 Bxc5 15. g4 Bd7 16. g5 hxg5 17. Nxg5 Qxg5 18. Rxd7 Rad8 19. Rxb7 Rd2 20. Qc4 Bxf2 21. a4 Bg1 22. h4 Rd1+ 23. Ka2 Qc1 24. Bd3 Qa1+ 25. Kb3 Bd4 26. Qxd4 Rxh1 27. Qe4 g6 28. Qd4 Qg1 29. Qxa7 Qxa7 30. Rxa7 Rxh4 31. a5 g5 32. a6 g4 33.
Rb7 g3 34. a7 g2 35. Rb8 g1=Q 36. Rxf8+ Kxf8 37. a8=Q+ Kg7 38. Qd8 Qd4 39. Qg5+ Kf8 40. c3 Qa4# 0-1

[Event "*** SCC Grand Prix: Titled Tuesday Blitz"]
[Site "Chess.com"]
[Date "2020.07.14"]
[Round "5"]
[White "okriak"]
[Black "Ucitelot"]
[Result "1-0"]
[WhiteElo "2703"]
[BlackElo "2504"]
[TimeControl "180+1"]
[EndTime "10:55:42 PDT"]
[Termination "okriak won by resignation"]

1. Nf3 Nf6 2. c4 c5 3. Nc3 g6 4. e4 Nc6 5. d4 cxd4 6. Nxd4 d6 7. Be2 Bg7 8. Be3 O-O 9. O-O a5 10. Ndb5 a4 11. Rc1 Qa5 12. f3 Be6 13. Nd5 Bxd5 14. cxd5 Ne5 15. Rc7 Ned7 16. Rxb7 Rfb8 17. Bd2 Qa6 18.
Rxb8+ Rxb8 19. Nc3 Qa7+ 20. Kh1 Rxb2 21. Bc1 Rb4 22.
Ba3 Rd4 23. Qc1 Qa5 24. Qb2 Ne8 25. Rc1 Qb6 26. Qxb6 Nxb6 27. Rd1 Nc7 28. Rxd4 Bxd4 29. Nb5 Nxb5 30. Bxb5 Bc5 31. Bb2 a3 32. Bc3 Kf8 33. g3 e6 34. dxe6 fxe6 35. Kg2 Ke7 36. Kf1 d5 37.
exd5 Nxd5 38. Bd2 Ne3+ 39. Ke2 Nc2 40. Kd3 Nb4+ 41. Kc4 Nxa2 42. Kxc5 1-0

[Event "*** SCC Grand Prix: Titled Tuesday Blitz"]
[Site "Chess.com"]
[Date "2020.07.14"]
[Round "5"]
[White "Bazarov04"]
[Black "Phriex"]
[Result "1-0"]
[WhiteElo "2587"]
[BlackElo "2400"]
[TimeControl "180+1"]
[EndTime "10:55:42 PDT"]
[Termination "Bazarov04 won by resignation"]

1. d4 d5 2. Nf3 Nf6 3. g3 Bf5 4.
Bg2 e6 5. O-O c6 6. b3 Be7 7.
Bb2 h6 8. Nbd2 O-O 9. c4 Nbd7 10. a3 a5 11. Rc1 b5 12. cxb5 cxb5 13. Ne5 Nxe5 14.
dxe5 Nd7 15. Nf3 Be4 16. Nd4 Bxg2 17. Kxg2 Nxe5 18. Nxe6 fxe6 19. Bxe5 Bxa3 20. Rc7 Be7 21. Qa1 Bf6 22. Rfc1 Bxe5 23. Qxe5 Qf6 24. Qxf6 Rxf6 25. Rb7 a4 26. Rcc7 Rg6 27. Rxb5 a3 28. Rc1 a2 29. Ra1 Rf6 30. Rb4 Ra3 31. Ra4 Rxb3 32. R1xa2 Rb7 33. Ra6 e5 34. Ra8+ Kf7 35. Rd8 d4 36.
Rd5 Re7 37. Raa5 Rfe6 38. Kf3 Rf6+ 39. Kg2 Rfe6 40. g4 Kf6 41. Kf3 Kf7 42. Ke4 Rf6 43.
Rxe5 Rxe5+ 44. Rxe5 Rxf2 45. Rf5+ Rxf5 46. Kxf5 Ke7 47. Ke4 Kf6 48. Kxd4 Kg5 49. e4 Kxg4 50. e5 Kf5 51. Kd5 g5 52. e6 Kf6 53. Kd6 g4 54. e7 1-0

[Event "*** SCC Grand Prix: Titled Tuesday Blitz"]
[Site "Chess.com"]
[Date "2020.07.14"]
[Round "5"]
[White "GjakanTati"]
[Black "sasko1234"]
[Result "1/2-1/2"]
[WhiteElo "2567"]
[BlackElo "2403"]
[TimeControl "180+1"]
[EndTime "10:55:42 PDT"]
[Termination "Game drawn by repetition"]

1. d4 Nf6 2. c4 d6 3. Nf3 Bg4 4. g3 Nbd7 5. Bg2 e5 6. O-O c6 7.
Nc3 Be7 8. h3 Bh5 9. Nh4 Bg6 10.
Nxg6 hxg6 11. b3 O-O 12. Bb2 Qc7 13. Rc1 Rfe8 14. d5 c5 15. Qd2 a6 16. e4 Nh7 17. f4 exf4 18. gxf4 Bf6 19. Rce1 Bd4+ 20. Kh1 Qd8 21. Nd1 Bxb2 22. Nxb2 g5 23. Nd3 gxf4 24. Qxf4 Qe7 25. Qg3 Ne5 26. Nf4 Qg5 27. Re3 Qxg3 28.
Rxg3 Nf6 29. Ne6 Nh5 30. Rg5 fxe6 31. Rxh5 exd5 32. exd5 Rf8 33. Rhf5 Rxf5 34. Rxf5 Rf8 35. Rxf8+ Kxf8 36. Be4 Ke7 37. Kg2 Kf6 38. Kg3 g5 39. a4 a5 40. Bc2 b6 41. Bb1 Nf7 42. Kg4 Ne5+ 43. Kh5 Nf3 44. Bc2 Nd4 45. Bd1 Nf5 46. Bc2 Nd4 47. Bd1 Nf5 48. Bc2 Nd4 1/2-1/2

[Event "*** SCC Grand Prix: Titled Tuesday Blitz"]
[Site "Chess.com"]
[Date "2020.07.14"]
[Round "5"]
[White "benko_008"]
[Black "fabianvivasz"]
[Result "1-0"]
[WhiteElo "2445"]
[BlackElo "2248"]
[TimeControl "180+1"]
[EndTime "10:55:42 PDT"]
[Termination "benko_008 won on time"]

1. Nf3 c5 2. c4 Nf6 3. Nc3 d5 4.
cxd5 Nxd5 5. d4 Nxc3 6. bxc3 g6 7. e4 Bg7 8. Be3 Qa5 9. Qd2 Nc6 10. Rb1 a6 11.
Rc1 O-O 12. d5 Rd8 13. h3 e6 14. Be2 exd5 15. exd5 Bf5 16. O-O c4 17. Bxc4 Be4 18.
Rfd1 b5 19. Bb3 Bxf3 20. gxf3 Ne5 21. Qe2 Rac8 22. Bd4 Nc4 23. Bxg7 Kxg7 24. Rd4 Nb6 25. d6 Rxc3 26. Qe5+ Kg8 27. Re1 Rcc8 28. Bxf7+ Kxf7 29.
Rf4+ Kg8 30. Qe6+ Kh8 31. Qf6+ Kg8 32. Re7 1-0

[Event "*** SCC Grand Prix: Titled Tuesday Blitz"]
[Site "Chess.com"]
[Date "2020.07.14"]
[Round "5"]
[White "attack2mateU"]
[Black "onnoelgersma"]
[Result "1-0"]
[WhiteElo "2653"]
[BlackElo "2424"]
[TimeControl "180+1"]
[EndTime "10:55:43 PDT"]
[Termination "attack2mateU won on time"]

1. e4 c6 2. Nc3 d5 3. Nf3 dxe4 4.
Nxe4 Nf6 5. Qe2 Nxe4 6. Qxe4 Nd7 7. Bc4 Nf6 8. Ne5 e6 9. Qe2 Qc7 10. O-O Bd6 11. Re1 O-O 12. b3 b5 13. Bd3 Bb7 14. Bb2 c5 15. Bxb5 Nd5 16. Qg4 f5 17. Qg3 Nf6 18. d3 Kh8 19. Bc4 Nd5 20. Re2 f4 21.
Qh3 Rf5 22. Nf3 Qd7 23. Rae1 Re8 24. Qxf5 Ne3 25. Qh5 1-0

[Event "*** SCC Grand Prix: Titled Tuesday Blitz"]
[Site "Chess.com"]
[Date "2020.07.14"]
[Round "5"]
[White "romulocardoso"]
[Black "snap_man"]
[Result "0-1"]
[WhiteElo "2095"]
[BlackElo "2320"]
[TimeControl "180+1"]
[EndTime "10:55:44 PDT"]
[Termination "snap_man won by resignation"]

1. e4 c6 2. d4 d5 3. exd5 cxd5 4. c4 Nf6 5. Nc3 Nc6 6. Nf3 g6 7. Bd3 Bg7 8. O-O Bg4 9. Be3 O-O 10. h3 dxc4 11. Bxc4 Bd7 12. d5 Na5 13. Be2 b6 14. Bg5 Nb7 15. Ne5 Nd6 16. a4 Nfe4 17. Nxd7 Qxd7 18. Bd2 Rac8 19. Rc1 Nxc3 20. Bxc3 Bxc3 21. Rxc3 Rxc3 22. bxc3 Rc8 23. Qb3 Rc5 24. c4 Qf5 25. Bd3 Qf6 26. Re1 Kf8 27. Re3 Qd4 28. Qb4 Nxc4 29.
a5 Qa1+ 30. Re1 Qxa5 31. Qxa5 Nxa5 32. Be4 Nb7 33. Bf3 a5 34. Rb1 b5 35. Kf1 Nd6 36.
Ke2 Ke8 37. Kd3 Kd7 38. Kd4 Rc4+ 39. Kd3 b4 40. Bg4+ Kc7 41. Re1 Rc3+ 42. Kd2 Nc4+ 43. Kd1 Kd6 44. Bf3 a4 45. Be2 a3 46. Bxc4 Rxc4 47.
Re2 b3 48. f4 b2 49. f5 b1=Q+ 0-1

[Event "*** SCC Grand Prix: Titled Tuesday Blitz"]
[Site "Chess.com"]
[Date "2020.07.14"]
[Round "5"]
[White "GukeshDommaraju"]
[Black "EvgenyT"]
[Result "1-0"]
[WhiteElo "2732"]
[BlackElo "2910"]
[TimeControl "180+1"]
[EndTime "10:55:45 PDT"]
[Termination "GukeshDommaraju won by resignation"]

1. d4 Nf6 2. c4 e6 3. Nf3 d5 4.
Nc3 Bb4 5. e3 O-O 6. Bd2 b6 7.
cxd5 exd5 8. Bd3 c5 9. O-O Ba6 10. Bxa6 Nxa6 11. dxc5 bxc5 12. a3 Ba5 13. Nxd5 Bxd2 14.
Nxf6+ Qxf6 15. Qxd2 Rab8 16. Rab1 Rb7 17. Qc2 Rfb8 18.
b3 Qg6 19. Qc4 Qb6 20. Rfd1 Qb5 21. Qh4 h6 22. Rd8+ Rxd8 23. Qxd8+ Kh7 24. h3 Nc7 25. Ne5 Ne6 26. Qd5 Kg8 27. Kh2 Rc7 28. Qa8+ Kh7 29. Qe4+ Kg8 30. Rd1 Qxb3 31. Rb1 1-0

[Event "*** SCC Grand Prix: Titled Tuesday Blitz"]
[Site "Chess.com"]
[Date "2020.07.14"]
[Round "5"]
[White "AndrewMaco"]
[Black "Vaathi_Coming"]
[Result "0-1"]
[WhiteElo "2616"]
[BlackElo "2918"]
[TimeControl "180+1"]
[EndTime "10:55:47 PDT"]
[Termination "Vaathi_Coming won on time"]

1. e4 c5 2. Nf3 d6 3. d4 cxd4 4. Qxd4 Nf6 5. Be2 g6 6. O-O Bg7 7. c4 O-O 8. Nc3 Nbd7 9. Qd3 Nc5 10. Qc2 b6 11. Be3 Bb7 12. Nd2 Rc8 13. f3 e6 14.
Rad1 d5 15. cxd5 exd5 16. e5 Nfd7 17. f4 f6 18. exf6 Qxf6 19. Nf3 Ne4 20. Bd4 Qxf4 21.
Ne5 Qh6 22. Rxf8+ Nxf8 23. Ng4 Bxd4+ 24. Rxd4 Qg7 25. Rd3 Ne6 26. Ne3 d4 27. Qb3 Nc5 0-1

[Event "*** SCC Grand Prix: Titled Tuesday Blitz"]
[Site "Chess.com"]
[Date "2020.07.14"]
[Round "5"]
[White "PrinceMurad09"]
[Black "Ati1517"]
[Result "0-1"]
[WhiteElo "2506"]
[BlackElo "2365"]
[TimeControl "180+1"]
[EndTime "10:55:47 PDT"]
[Termination "Ati1517 won by checkmate"]

1. e4 e5 2. Nf3 Nc6 3. Bb5 a6 4.
Ba4 Nf6 5. d3 b5 6. Bb3 Bc5 7. O-O d6 8. h3 h6 9. c3 O-O 10. Nbd2 Be6 11. Bc2 d5 12. exd5 Bxd5 13. a4 Rb8 14. axb5 axb5 15. Re1 Re8 16. Ne4 Bxe4 17. dxe4 Qe7 18. Qe2 b4 19. Nh4 b3 20.
Bd3 Nd7 21. Nf5 Qf6 22. Qg4 Kh8 23. Qg3 Nf8 24. Ne3 Ne7 25. Ng4 Qg6 26. Qxe5 Bd6 27.
Qd4 Nf5 28. Qc4 h5 29. Ne3 Nxe3 30. Bxe3 Be5 31. Ra3 Ne6 32. Rxb3 Rbd8 33. Bf1 Bf4 34. Bd4 Ng5 35. Kh1 Nxe4 36. Re2 Nd6 37. Rxe8+ Rxe8 38. Qd3 Qxd3 39. Bxd3 Re1+ 40. Bf1 Rxf1# 0-1

[Event "*** SCC Grand Prix: Titled Tuesday Blitz"]
[Site "Chess.com"]
[Date "2020.07.14"]
[Round "5"]
[White "Indianlad"]
[Black "carlesdc96"]
[Result "1-0"]
[WhiteElo "2954"]
[BlackElo "2720"]
[TimeControl "180+1"]
[EndTime "10:55:49 PDT"]
[Termination "Indianlad won by checkmate"]

1. e4 c5 2. Nc3 Nc6 3. Bb5 g6 4. Bxc6 bxc6 5. d3 Bg7 6. f4 d6 7.
Nf3 Nf6 8. O-O O-O 9. Qe1 Rb8 10. Qh4 c4 11. f5 cxd3 12. cxd3 Ba6 13. Rd1 Kh8 14.
Kh1 gxf5 15. exf5 Qd7 16. g4 Rb4 17. d4 c5 18. a3 Bb7 19. Qh3 Rxd4 20. Rxd4 cxd4 21.
Ne2 d3 22. Nf4 Qc6 23. Kg2 Qc2+ 24. Kf1 Qd1+ 25. Ne1 d2 26. Bxd2 Qxd2 27. Ned3 Ne4 28. Re1 Ng5 29. Qe3 Qxh2 30. Qxe7 Nh3 31. Qxd6 Bg2+ 32.
Ke2 Be4+ 33. Kd1 Bxd3 34. Ng6+ fxg6 35. Qxh2 Ng5 36. Re7 gxf5 37. Qd6 Be4 38. gxf5 Bxf5 39. Rxa7 Bf6 40. Qxf8# 1-0

[Event "*** SCC Grand Prix: Titled Tuesday Blitz"]
[Site "Chess.com"]
[Date "2020.07.14"]
[Round "5"]
[White "Harry_Rakkel"]
[Black "KetiGrant"]
[Result "1-0"]
[WhiteElo "2572"]
[BlackElo "2391"]
[TimeControl "180+1"]
[EndTime "10:55:49 PDT"]
[Termination "Harry_Rakkel won by resignation"]

1. e4 c5 2. Nf3 Nc6 3. d4 cxd4 4.
Nxd4 e5 5. Nb5 d6 6. N1c3 a6 7. Na3 Be7 8. Nc4 b5 9. Ne3 Nf6 10. g3 O-O 11. Bg2 Rb8 12. O-O Nd4 13. Ncd5 Nxd5 14.
Nxd5 Bg5 15. f4 Bh6 16. Be3 Ne6 17. Kh1 Bb7 18. f5 Bxd5 19. Bxh6 Bc4 20. Qg4 Bxf1 21. Rxf1 Qf6 22. Bc1 Kh8 23. fxe6 Qxe6 24. Qxe6 fxe6 25. Kg1 Rxf1+ 26. Kxf1 Rc8 27. c3 b4 28. Bd2 a5 29.
Bh3 Rc4 30. Bxe6 Rxe4 31. Bd5 Rg4 32. Kf2 bxc3 33. Bxc3 a4 34. h3 Rg6 35. a3 Rf6+ 36. Ke2 g5 37. Bc6 h5 38. Bxa4 g4 39. hxg4 hxg4 40.
Bc6 Kg7 41. a4 Kg6 42. a5 Rf7 43. a6 1-0

[Event "*** SCC Grand Prix: Titled Tuesday Blitz"]
[Site "Chess.com"]
[Date "2020.07.14"]
[Round "5"]
[White "Mr_Sinigami"]
[Black "aa175"]
[Result "1-0"]
[WhiteElo "2570"]
[BlackElo "2389"]
[TimeControl "180+1"]
[EndTime "10:55:49 PDT"]
[Termination "Mr_Sinigami won on time"]

1. d4 e5 2. dxe5 Nc6 3. e4 Nxe5 4.
f4 Ng6 5. Be3 Nf6 6. e5 Ne4 7. Nf3 Bc5 8. Qd3 d5 9. Bxc5 Nxc5 10.
Qb5+ Nd7 11. f5 Nxe5 12. Qxd5 Nxf3+ 13. Qxf3 O-O 14. Be2 Ne5 15. Qf4 Qd6 16. O-O Qb6+ 17. Kh1 Qxb2 18. Nd2 Bd7 19. f6 Ng6 20. Qg3 Qxc2 21.
Rad1 Bc6 22. Bd3 Qc3 23. fxg7 Rfd8 24. Bxg6 Qxg3 25. Bxf7+ Kxg7 26. hxg3 1-0

[Event "*** SCC Grand Prix: Titled Tuesday Blitz"]
[Site "Chess.com"]
[Date "2020.07.14"]
[Round "5"]
[White "TST2014"]
[Black "chessfrendz"]
[Result "1-0"]
[WhiteElo "2490"]
[BlackElo "2257"]
[TimeControl "180+1"]
[EndTime "10:55:49 PDT"]
[Termination "TST2014 won by resignation"]

1. d4 d5 2. c4 e6 3. Nf3 Nf6 4. Nc3 c6 5. e3 Nbd7 6. Qc2 Be7 7. Be2 O-O 8. O-O dxc4 9. a4 b6 10.
Bxc4 Bb7 11. e4 Rc8 12. Rd1 Qc7 13. e5 Nd5 14. Qe4 Nxc3 15. bxc3 c5 16. d5 exd5 17. Bxd5 Bxd5 18. Rxd5 Qc6 19. c4 Rfe8 20. Bb2 Nf8 21. h4 Ne6 22. h5 h6 23. Qg4 Rcd8 24. Qe4 Nc7 25. Rd4 Qxe4 26. Rxe4 Ne6 27. a5 Rd3 28. axb6 axb6 29. Ra7 Rb3 30. Bc1 Rb1 31. Re1 Kf8 32. Nd2 Rb4 33. Ba3 Rd8 34. Bxb4 cxb4 35. Nb3 Rd3 36. Rb1 Rc3 37. Ra8+ Bd8 38. Nd4 Ke7 39.
Nc6+ Kd7 40. Nxd8 Nxd8 41. Rd1+ Kc6 42. Rc8+ Kb7 43. Rdxd8 b3 44. Rb8+ Kc6 45. Rd6+ Kc5 46. Rdxb6 Kxc4 47. Rb4+ Kd3 48. Rxb3 1-0

[Event "*** SCC Grand Prix: Titled Tuesday Blitz"]
[Site "Chess.com"]
[Date "2020.07.14"]
[Round "5"]
[White "Ceejay271"]
[Black "Ashedu66"]
[Result "0-1"]
[WhiteElo "2329"]
[BlackElo "2192"]
[TimeControl "180+1"]
[EndTime "10:55:49 PDT"]
[Termination "Ashedu66 won by checkmate"]

1. d4 d5 2. Nf3 Nf6 3. c4 c6 4. g3 e6 5. Bg2 Nbd7 6. O-O Be7 7. Qd3 O-O 8. Nc3 b6 9. e4 a5 10. e5 Ne8 11. Re1 Ba6 12. b3 Rc8 13. Bf1 c5 14. dxc5 Nxc5 15. Qc2 Nc7 16. Rd1 Qe8 17. cxd5 Bxf1 18.
Kxf1 Nxd5 19. Nxd5 exd5 20. Rxd5 Qc6 21. Qd1 Rfd8 22.
Rxd8+ Rxd8 23. Qe2 Rd3 24. Be3 Qd5 25. Rc1 h6 26. h4 Ne4 27. Ne1 Nd2+ 28. Kg1 Rxe3 29. Qxe3 Bc5 30. Qe2 Ne4 31. Nd3 Nxg3 32. Qd1 Qh1# 0-1

[Event "*** SCC Grand Prix: Titled Tuesday Blitz"]
[Site "Chess.com"]
[Date "2020.07.14"]
[Round "5"]
[White "GianmarcoVaR"]
[Black "Sjakkerntobi"]
[Result "0-1"]
[WhiteElo "2513"]
[BlackElo "2370"]
[TimeControl "180+1"]
[EndTime "10:55:50 PDT"]
[Termination "Sjakkerntobi won on time"]

1. d4 e6 2. Nf3 d5 3. Bf4 Nf6 4.
Nbd2 c5 5. e3 Nc6 6. c3 Bd6 7.
Bg3 O-O 8. Bd3 b6 9. Qe2 Bb7 10.
Rd1 Qe7 11. dxc5 Bxc5 12. e4 dxe4 13. Nxe4 Nxe4 14. Qxe4 f5 15. Qe2 Rae8 16. b4 Nxb4 17. cxb4 Bxb4+ 18. Kf1 e5 19. Bb5 Rd8 20. Rxd8 Rxd8 21.
Nxe5 g5 22. f4 Rd2 23. Qc4+ Bd5 24. Qc8+ Kg7 25. h4 Bxg2+ 26. Kg1 Bc5+ 27. Kh2 Bf3+ 28.
Kh3 g4+ 0-1